 Dungeon Crawl Stone Soup version 0.31-a0-662-g684573625c (webtiles) character file.

Game seed: 2292005332015950458

4554 spiderkeys the Sneak (level 10, -15/66 HPs)
             Began as an Octopode Shapeshifter on Sept 1, 2023.
             Was an Initiate of Gozag.
             Hit by a large rock thrown by a cyclops (33 damage)
             ... on level 8 of the Dungeon.
             The game lasted 00:18:08 (7189 turns).

spiderkeys the Sneak (Octopode Shapeshifter)        Turns: 7189, Time: 00:18:09

Health: -15/66     AC:  3    Str: 15    XL:     10   Next: 40%
Magic:  19/19      EV: 14    Int: 24    God:    Gozag
Gold:   1122       SH:  0    Dex: 12    Spells: 17/21 levels left

rFire   + +          .
                       - Unarmed
rCold   + . .        (no shield)
rNeg    . . .        (helmet currently unavailable)
rPois   .            g - amulet of regeneration
rElec   .            r - ring "Apraes" {Will+ Dex+5}
rCorr   .            n - ring of willpower
SInv    .            Y - +4 ring of slaying
Will    ++...        C - ring of protection from cold
Stlth   +++++        i - ring "Xanlaem" {rF++ Int+6 Dex-4}
HPRegen 1.11/turn    (no ring)
MPRegen 0.16/turn    (no ring)
                     (no ring)

%: no passive effects
@: beast-form, gold aura, studying Stealth
A: beast (slay +3), almost no armour, amphibious, 8 rings, camouflage 1,
gelatinous body 1, (nimble swimmer 1), tentacles, fangs 1, iridescent scales 1,
clever 1
a: Begin Untransformation, Renounce Religion, Potion Petition, Call Merchant,
Bribe Branch


You were on level 8 of the Dungeon.
You worshipped Gozag.
Gozag was most pleased with you.
You were a hulking beast.
You visited 2 branches of the dungeon, and saw 9 of its levels.

You collected 1197 gold pieces.
You paid 75 gold pieces to Gozag.


Innate Abilities, Weirdness & Mutations

You are a hulking beast.
Your limbs bulge with bestial killing power. (Slay +3)
You cannot wear most types of armour.
You are amphibious.
You can wear up to eight rings at the same time.
Your skin changes colour to match your surroundings (Stealth+).
Your rubbery body absorbs attacks. (AC +1, EV +1)
((You are camouflaged when in or above water. (Stealth+)))
You have tentacles for arms and can constrict up to eight enemies at once.
You have very sharp teeth.
You are partially covered in iridescent scales. (AC +2)
Your mind is acute. (Int +4, Str/Dex -1)


   Skills:
 - Level 5.0 Fighting
 - Level 5.1 Dodging
 + Level 7.9 Stealth
 - Level 6.0 Unarmed Combat
 * Level 6.3 Spellcasting
 * Level 7.0 Conjurations
 - Level 6.0 Shapeshifting


You had 17 spell levels left.
You knew the following spells:

 Your Spells              Type           Power      Damage    Failure   Level
m - Magic Dart            Conj           100%       1d8       1%          1
r - Searing Ray           Conj           82%        2d7       1%          2
s - Sandblast             Erth           14%        2d6       8%          1

Your spell library contained the following spells:

 Spells                   Type           Power      Damage    Failure   Level
 Apportation              Tloc           14%        N/A       8%          1
 Necrotise                Necr           28%        1d5       8%          1
 Summon Small Mammal      Summ           28%        N/A       8%          1
 Lesser Beckoning         Tloc           14%        N/A       12%         2
 Fulminant Prism          Conj/Hex       12%        3d8       19%         4
 Gell's Gravitas          Tloc           7%         N/A       22%         3
 Summon Guardian Golem    Hex/Summ       7%         N/A       22%         3
 Teleport Other           Tloc           7%         N/A       22%         3
 Orb of Destruction       Conj           20%        9d8       98%         7
 Spellforged Servitor     Conj/Summ      12%        N/A       100%        7

Inventory:

Missiles
 e - 59 stones
 o - 9 poisoned darts
 q - 2 throwing nets {=f!f}
 y - 5 javelins
Armour
 B - the +1 hat of Avoygguaw {+Inv rPois rCorr}
   (You acquired it on level 7 of the Dungeon)

   rPois:     It protects you from poison +Inv: It lets you turn invisible.
   rCorr:     It protects you from acid and corrosion.
Magical Staves
 l - a staff of earth {!a}
   (You found it on level 2 of the Dungeon)
 z - a staff of fire {!a}
   (You found it on level 4 of the Dungeon)
Jewellery
 g - an amulet of regeneration (around mantle)
   (You found it on level 4 of the Dungeon)
 i - the ring "Xanlaem" (on tentacle) {rF++ Int+6 Dex-4}
   (You acquired it on level 4 of the Dungeon)

   [ring of intelligence]

   Int+6:     It affects your intelligence (+6).
   Dex-4:     It affects your dexterity (-4).
   rF++:      It greatly protects you from fire.
 n - a ring of willpower (right tentacle)
   (You found it on level 2 of the Dungeon)
 r - the ring "Apraes" (left tentacle) {Will+ Dex+5}
   (You found it on level 2 of the Dungeon)

   [ring of willpower]

   Dex+5:     It affects your dexterity (+5).
   Will+:     It increases your willpower.
 C - a ring of protection from cold (on tentacle)
   (You found it on level 5 of the Dungeon)
 Y - a +4 ring of slaying (on tentacle)
   (You found it on level 3 of the Dungeon)
Talismans
 b - a beast talisman (active)
 c - a flux talisman
Wands
 f - a wand of acid (6)
   (You found it on level 6 of the Dungeon)
 x - a wand of roots (17)
   (You took it off an orc on level 3 of the Dungeon)
 F - a wand of charming (13)
   (You found it on level 5 of the Dungeon)
 G - a wand of digging (4)
   (You found it on level 5 of the Dungeon)
Scrolls
 h - 9 scrolls of teleportation {@r4}
 j - a scroll of silence {!r}
 m - 2 scrolls of poison {!r}
 p - 2 scrolls of blinking {!r}
 u - a scroll of enchant armour
 v - 2 scrolls of amnesia
 A - 4 scrolls of fog
Potions
 a - a potion of lignification {!q}
 d - 2 potions of curing {@q1}
 s - 2 potions of degeneration {unknown}
 t - a potion of brilliance
 w - a potion of heal wounds {@q2}
 D - a potion of ambrosia {unknown}
 H - a potion of cancellation {unknown}
 I - a potion of mutation {!q}
 J - a potion of enlightenment
 K - a potion of berserk rage {unknown}

Dungeon Overview and Level Annotations

Branches:
Dungeon (8/15) Zot: 26554  Temple (1/1) D:4 Zot: 5915
   Lair: D:8-11

Altars:
Ashenzari
Cheibriados
Dithmenos
Elyvilon
Fedhas
Gozag
Hepliaklqana
Kikubaaqudgha
Makhleb
Nemelex Xobeh
Okawaru
Qazlal
Ru
Sif Muna
Trog
Uskayaw
Vehumet
Yredelemnul

# # #. .# ##. .##
... ..# ### ##
#.###.# #...#
..#...#.# #.#.#
.###...# #.#.#
..#h#.####.#.#
###.#.#........#
#F$h#.#####....#
#.C.# #....# ##
##### #....# ..
..#####....#######
.#
#.#...####........
.# #.#...#
###.#.### .#
#.#.>.######.#.#


You could see a cyclops.


Message History

A kobold brigand comes into view.
It is wielding a +0 dagger and quivering poisoned darts.
The kobold brigand shouts!
An orc priest comes into view. It is wielding a +0 dagger.
The kobold brigand hits you with a +0 dagger. 😕 HP[-1]
You take 1 damage, and now have 65/66 hp.
You tentacle-slap the kobold brigand. You grab the kobold brigand.
You tentacle-slap the kobold brigand. You bite the kobold brigand!
You constrict the kobold brigand. The kobold brigand barely misses you.
The orc priest begins to cast a cantrip, but forgets the words! 😎 HP[+1]
Your hp is fully restored (66).
You tentacle-slap the kobold brigand. You squeeze the kobold brigand.
You constrict the kobold brigand.
You kill the kobold brigand!
A howler monkey comes into view.
The howler monkey howls!
You tentacle-slap the orc priest. You grab the orc priest.
You bite the orc priest. You constrict the orc priest.
You hear a croak.
You hear a shout!
The orc priest closely misses you.
You hear a shout!
You hear an angry buzzing noise.
You hear an angry hiss.
You tentacle-slap the orc priest.
You kill the orc priest!
A centaur warrior comes into view.
The howler monkey hoots and howls with incredible vigour!
The centaur warrior shouts!
You hear a shout! x2
You hear an angry buzzing noise.
You hear a shout!
You tentacle-slap the centaur warrior. You squeeze the centaur warrior!
You hear an angry hiss.
The centaur warrior closely misses you. The centaur warrior misses you.
The howler monkey hits you. 😕 HP[-5]
You take 5 damage, and now have 61/66 hp.
You bludgeon the centaur warrior!
The centaur warrior is distracted by your dazzling golden aura.
The howler monkey closely misses you.
The centaur warrior shouts! 😕 HP[+1]
You tentacle-slap the centaur warrior but do no damage.
The centaur warrior is no longer distracted by gold.
You bite the centaur warrior. You squeeze the centaur warrior!
The centaur warrior hits you but does no damage.
The centaur warrior misses you.
The howler monkey hoots and howls with incredible vigour!
The centaur warrior completely misses you.
The centaur warrior kicks you.
You hear an angry hiss. 😕 HP[-1]
You take 1 damage, and now have 61/66 hp.
You bludgeon the centaur warrior!
Your squeeze misses the centaur warrior.
The centaur warrior hits you. The centaur warrior closely misses you.
The howler monkey misses you. 😕 HP[-2]
You take 2 damage, and now have 59/66 hp.
You bludgeon the centaur warrior!
Your tentacle-slap misses the centaur warrior.
You bite the centaur warrior. The centaur warrior hits you.
The centaur warrior kicks you but does no damage.
The howler monkey is distracted by your dazzling golden aura.
The howler monkey howls! 😕 HP[-3]
You take 3 damage, and now have 56/66 hp.
You barely miss the centaur warrior. You tentacle-slap the centaur warrior.
You kill the centaur warrior!
You hear an angry buzzing noise.
A cyclops comes into view.
Your Spellcasting skill increases to level 6!
Your Conjurations skill increases to level 7! 😕 HP[+1]
You bludgeon the howler monkey!
The howler monkey is no longer distracted by gold.
Your grab misses the howler monkey. You squeeze the howler monkey.
The howler monkey closely misses you. 😕 HP[+1]
You bludgeon the cyclops! You bite the cyclops.
You hear a croak.
The howler monkey hoots and howls with incredible vigour!
The cyclops hits you!!
You hear a loud, deep croak! 😮 HP[-24]
You take 24 damage, and now have 34/66 hp.
MASSIVE DAMAGE!! (PAUSE)
You tentacle-slap the cyclops.
A bullfrog comes into view.
The howler monkey hits you but does no damage.
The cyclops hits you!!
* * * LOW HITPOINT WARNING * * *
😱 HP[-20]
You take 20 damage, and now have 14/66 hp.
MASSIVE DAMAGE!! (PAUSE)
The howler monkey is distracted by your dazzling golden aura. 😱 HP[+1] 😱 HP[+1] 😨 HP[+1]
The cyclops throws a large rock.
The large rock hits you!!
Ouch! That really hurt!
You die...
Your body crumbles into a pile of gold.

Skill      XL: |  1  2  3  4  5  6  7  8  9 10 |
---------------+-------------------------------+-----
Fighting       | 2 3 4 5 |  5.0
Dodging        | 3 4 5 |  5.1
Unarmed Combat | 4 5 6 |  6.0
Shapeshifting  | 4 5 6 |  6.0
Conjurations   | 3 6 7 |  7.0
Spellcasting   | 2 5 6 |  6.3
Stealth        | 6 7 |  7.9

Action                     |  1- 3 |  4- 6 |  7- 9 | 10-12 || total
---------------------------+-------+-------+-------+-------++-------
  Melee: Unarmed           |    63 |    99 |   167 |    34 ||   363
         Constrict         |    22 |    31 |    39 |     3 ||    95
         Tentacles         |     9 |    19 |    39 |    12 ||    79
         Punch             |     2 |     2 |    13 |     3 ||    20
         Bite              |       |       |    18 |     6 ||    24
  Throw: Dart              |       |     4 |     1 |       ||     5
         Javelin           |       |       |    11 |       ||    11
   Cast: Magic Dart        |       |       |    12 |       ||    12
         Searing Ray       |       |       |     2 |       ||     2
  Evoke: Wand              |       |     1 |     7 |       ||     8
    Use: Scroll            |     1 |       |    14 |       ||    15
         Potion            |       |       |     8 |       ||     8
   Stab: Sleeping          |     8 |     2 |     5 |       ||    15
         Distracted        |       |     1 |     3 |       ||     4
 Armour: Skin              |    20 |    40 |    99 |    15 ||   174
  Dodge: Dodged            |    34 |    63 |   100 |    19 ||   216

Levels and vault maps discovered:
D:1:      minmay_arrival_nine_rooms, layout_loops_corners,
          shapermc_ecumenical_altar_rom_forum,
          wander_ebering_terrifying_dragon_lair
D:2:      layout_loops_ring
D:3:      layout_basic, hangedman_decor_clover_reticule, hangedman_decor_points,
          nicolae_eternal_life, hangedman_feature_mirror, serial_bayou_lake_a,
          uniq_ijyb
D:4:      minmay_chambers_of_twos, layout_basic, makhleb_heckhound_becter,
          bloody_trog, temple_pool_b, minmay_surrounded
D:5:      layout_rooms, lemuel_tele_altar
D:6:      layout_rooms, nicolae_overflow_two_pavilions, minmay_manual_macuahuitl
D:7:      layout_basic, mainiacjoe_overflow_concentric_impassable
D:8:      layout_basic, mainiacjoe_overflow_big_doors, amcnicky_altar_gilded,
          minivault_5, nicolae_doodle_vault, uniq_grum
Temple:   grunt_temple_mini_profane

Notes
Turn   | Place    | Note
-------+----------+-------------------------------------------
     0 | D:1      | spiderkeys the Octopode Shapeshifter began the quest for
                  | the Orb.
     0 | D:1      | Reached XP level 1. HP: 13/13 MP: 1/1
     0 | D:1      | magus.rc [v1.11.6]
   315 | D:1      | Reached XP level 2. HP: 18/18 MP: 2/2
   426 | D:1      | Found a faded altar of an unknown god.
   438 | D:1      | You add the spell Sandblast to your library.
   438 | D:1      | Got Plato's Compendium of the Ground
  1004 | D:2      | Reached XP level 3. HP: 22/23 MP: 3/3
  1325 | D:2      | Reached skill level 2 in Fighting
  1397 | D:2      | Reached XP level 4. HP: 21/29 MP: 4/4
  1573 | D:2      | Identified the ring "Apraes" {Will+ Dex+5}
  1927 | D:3      | Learned a level 1 spell: Sandblast
  2034 | D:3      | Reached XP level 5. HP: 19/35 MP: 5/5
  2035 | D:3      | Reached skill level 3 in Dodging
  2452 | D:3      | You add the spells Lesser Beckoning, Gell's Gravitas and
                  | Teleport Other to your library.
  2701 | D:3      | Noticed Ijyb
  2706 | D:3      | Killed Ijyb
  2707 | D:3      | Reached skill level 4 in Unarmed Combat
  2852 | D:4      | Found a staircase to the Ecumenical Temple.
  2919 | Temple   | Entered the Ecumenical Temple
  2976 | Temple   | Became a worshipper of Gozag Ym Sagoz the Greedy
  3026 | D:4      | Reached skill level 3 in Fighting
  3026 | D:4      | Reached skill level 4 in Shapeshifting
  3026 | D:4      | Reached XP level 6. HP: 19/42 MP: 6/6
  3140 | D:4      | Found a bloodstained altar of Trog.
  3447 | D:4      | You add the spells Magic Dart, Searing Ray and Fulminant
                  | Prism to your library.
  3462 | D:4      | Found a burning altar of Makhleb.
  3655 | D:4      | Noticed a steam dragon
  3661 | D:4      | Reached XP level 7. HP: 46/46 MP: 7/7
  3666 | D:4      | Killed a steam dragon
  3667 | D:4      | Reached skill level 4 in Dodging
  3711 | D:4      | Reached skill level 4 in Fighting
  3882 | D:5      | Entered Level 5 of the Dungeon
  3907 | D:5      | Reached skill level 5 in Unarmed Combat
  3938 | D:5      | Found a snail-covered altar of Cheibriados.
  3997 | D:5      | You add the spells Necrotise, Summon Small Mammal and
                  | Apportation to your library.
  4042 | D:5      | Reached skill level 5 in Shapeshifting
  4042 | D:5      | Reached XP level 8. HP: 38/54 MP: 8/8
  4151 | D:5      | Reached skill level 5 in Dodging
  4802 | D:4      | Identified a scroll of acquirement
  4802 | D:4      | Acquired the ring "Xanlaem" {rF++ Int+6 Dex-4}
  4807 | D:4      | Gained mutation: You have very sharp teeth. [potion of
                  | mutation]
  4807 | D:4      | Gained mutation: Your mind is acute. (Int +4, Str/Dex -1)
                  | [potion of mutation]
  4807 | D:4      | Gained mutation: You are partially covered in iridescent
                  | scales. (AC +2) [potion of mutation]
  4812 | D:4      | Learned a level 2 spell: Searing Ray
  4814 | D:4      | Learned a level 1 spell: Magic Dart
  4932 | D:6      | Reached skill level 5 in Fighting
  4932 | D:6      | Reached skill level 1 in Conjurations
  4936 | D:6      | Reached skill level 1 in Spellcasting
  4965 | D:6      | Noticed a troll
  5092 | D:6      | Noticed a vampire
  5288 | D:6      | Reached skill level 2 in Conjurations
  5359 | D:6      | Reached skill level 2 in Spellcasting
  5374 | D:6      | Reached skill level 6 in Unarmed Combat
  5382 | D:6      | Reached skill level 3 in Conjurations
  5382 | D:6      | Reached XP level 9. HP: 39/61 MP: 11/13
  5436 | D:6      | You add the spells Summon Guardian Golem, Orb of
                  | Destruction and Spellforged Servitor to your library.
  5510 | D:6      | Reached skill level 3 in Spellcasting
  5617 | D:6      | Killed a troll
  5618 | D:6      | Reached skill level 4 in Conjurations
  5618 | D:6      | Reached skill level 6 in Shapeshifting
  5752 | D:6      | Found a white marble altar of Elyvilon.
  5753 | D:6      | Found a broken altar of Ashenzari.
  5890 | D:7      | Reached skill level 1 in Stealth
  5924 | D:7      | Found an iron altar of Okawaru.
  5958 | D:7      | Acquired the +1 hat of Avoygguaw {+Inv rPois rCorr}
  5971 | D:7      | Reached skill level 2 in Stealth
  5975 | D:7      | Reached skill level 4 in Spellcasting
  5976 | D:7      | HP: 12/58 [wight/+5 hand axe (10)]
  6037 | D:7      | Reached skill level 3 in Stealth
  6092 | D:7      | Reached skill level 4 in Stealth
  6092 | D:7      | Reached skill level 5 in Conjurations
  6806 | D:8      | Found a shadowy altar of Dithmenos.
  6880 | D:8      | Reached skill level 5 in Stealth
  6880 | D:8      | Reached skill level 5 in Spellcasting
  7067 | D:8      | Reached skill level 6 in Stealth
  7067 | D:8      | Reached skill level 6 in Conjurations
  7067 | D:8      | Reached XP level 10. HP: 62/66 MP: 16/18
  7089 | D:8      | Reached skill level 7 in Stealth
  7176 | D:8      | Noticed a centaur warrior
  7182 | D:8      | Killed a centaur warrior
  7182 | D:8      | Noticed a cyclops
  7183 | D:8      | Reached skill level 6 in Spellcasting
  7183 | D:8      | Reached skill level 7 in Conjurations
  7185 | D:8      | HP: 14/66 [cyclops (21)]
  7189 | D:8      | Hit by a large rock thrown by a cyclops

Vanquished Creatures
  A centaur warrior (D:8)
  A troll (D:6)
  A vampire (D:6)
  5 yaks (D:8)
  2 steam dragons
  An ice beast (D:7)
  An ogre (D:4)
  A black bear (D:7)
  A kobold brigand (D:8)
  2 phantoms
  3 bullfrogs
  4 scorpions
  9 wights
  3 killer bees (D:8)
  5 jellies
  5 hounds
  5 orc priests
  Ijyb (D:3)
  4 iguanas
  10 orc wizards
  11 gnolls
  9 adders
  A white imp (D:6)
  An ufetubus (D:4)
  2 worms
  5 dart slugs
  21 orcs
  9 ball pythons
  An endoplasm (D:3)
  2 giant cockroaches
  6 goblins
  6 hobgoblins
  11 jackals
  6 kobolds
  3 quokkas
  5 frilled lizards (D:1)
  6 rats
170 creatures vanquished.

Vanquished Creatures (others)
  A ball python (D:4)
1 creature vanquished.

Grand Total: 171 creatures vanquished

Table legend:
 A = Non-vault XP
 B = Vault XP
 C = Vault XP percentage of total XP
 D = Non-vault monster count
 E = Vault monster count
 F = Vault count percentage of total count
                 A         B        C        D         E       F
            +---------+---------+-------+---------+---------+-------
      Total |    4682 |    1825 |  28.0 |     142 |      28 |  16.5
            +---------+---------+-------+---------+---------+-------
        D:1 |      29 |       1 |   3.3 |      18 |       1 |   5.3
        D:2 |      96 |       0 |   0.0 |      18 |       0 |   0.0
        D:3 |      92 |      75 |  44.9 |      15 |       7 |  31.8
        D:4 |     360 |     324 |  47.4 |      25 |      14 |  35.9
        D:5 |     755 |       0 |   0.0 |      22 |       0 |   0.0
        D:6 |     845 |     425 |  33.5 |      16 |       3 |  15.8
        D:7 |    1042 |       0 |   0.0 |      16 |       0 |   0.0
        D:8 |    1463 |    1000 |  40.6 |      12 |       3 |  20.0
            +---------+---------+-------+---------+---------+-------

Skill      XL: |  1  2  3  4  5  6  7  8  9 10 |
---------------+-------------------------------+-----
Fighting       | 2 3 4 5 |  5.0
Dodging        | 3 4 5 |  5.1
Unarmed Combat | 4 5 6 |  6.0
Shapeshifting  | 4 5 6 |  6.0
Conjurations   | 3 6 7 |  7.0
Spellcasting   | 2 5 6 |  6.3
Stealth        | 6 7 |  7.9

Action                     |  1- 3 |  4- 6 |  7- 9 | 10-12 || total
---------------------------+-------+-------+-------+-------++-------
  Melee: Unarmed           |    63 |    99 |   167 |    34 ||   363
         Constrict         |    22 |    31 |    39 |     3 ||    95
         Tentacles         |     9 |    19 |    39 |    12 ||    79
         Punch             |     2 |     2 |    13 |     3 ||    20
         Bite              |       |       |    18 |     6 ||    24
  Throw: Dart              |       |     4 |     1 |       ||     5
         Javelin           |       |       |    11 |       ||    11
   Cast: Magic Dart        |       |       |    12 |       ||    12
         Searing Ray       |       |       |     2 |       ||     2
  Evoke: Wand              |       |     1 |     7 |       ||     8
    Use: Scroll            |     1 |       |    14 |       ||    15
         Potion            |       |       |     8 |       ||     8
   Stab: Sleeping          |     8 |     2 |     5 |       ||    15
         Distracted        |       |     1 |     3 |       ||     4
 Armour: Skin              |    20 |    40 |    99 |    15 ||   174
  Dodge: Dodged            |    34 |    63 |   100 |    19 ||   216

Illustrated notes

Table legend:
 A = Kills in this place as a percentage of kills in the entire game.
 B = Kills by you in this place as a percentage of kills by you in the entire game.
 C = Kills by friends in this place as a percentage of kills by friends in the entire game.
 D = Other kills in this place as a percentage of other kills in the entire game.
 E = Experience gained in this place as a percentage of experience gained in the entire game.
 F = Experience gained in this place divided by the number of levels of this place that you have seen.
                   A       B       C       D       E      F
               +-------+-------+-------+-------+-------+----------------------
         Total | 100.0 | 100.0 |   N/A |   N/A | 100.0 | 723.0
       Dungeon | 100.0 | 100.0 |   N/A |   N/A | 100.0 | 813.4
               +-------+-------+-------+-------+-------+----------------------

Table legend: (Time is in decaauts)
 A = Elapsed time spent in this place.
 B = Non-inter-level travel time spent in this place.
 C = Inter-level travel time spent in this place.
 D = Time resting spent in this place.
 E = Time spent auto-exploring this place.
 F = Levels seen in this place.
 G = Mean time per level.
                   A        B        C        D        E       F      G
               +--------+--------+--------+--------+--------+-----+--------+
         Total |   7134 |   6756 |    378 |    246 |   5208 |   9 |  792.7 |
       Dungeon |   7049 |   6750 |    299 |    246 |   5208 |   8 |  881.1 |
        Temple |     84 |      5 |     79 |      0 |      0 |   1 |   84.0 |
               +--------+--------+--------+--------+--------+-----+--------+

Top non-repeatable levels by time:
     D:4: 1060 daAuts
     D:1: 996 daAuts
     D:3: 974 daAuts
     D:2: 955 daAuts
     D:5: 923 daAuts
     D:7: 868 daAuts
     D:6: 827 daAuts
     D:8: 444 daAuts
  Temple: 84 daAuts
